Workbook

Sheet General Summary
A1: GENERAL SUMMARY
A2: ='Takeoff Breakdown'!A3 -> Prepared for: | B2: ='Takeoff Breakdown'!B3 -> A New 70 Room Home 2 Hotel Project At Gh Drive Austinberg, OHIO, 44010
A3: ='Takeoff Breakdown'!A4 -> Project ID: | B3: ='Takeoff Breakdown'!B4 -> 46002
A4: ='Takeoff Breakdown'!A5 -> Scope: | B4: ='Takeoff Breakdown'!B5 -> MEP
A5: No. Of Floors: | B5: 3
A6: Date: | B6: ='Takeoff Breakdown'!N9 -> 46002
A8: BUILDING GSF | B8: =B9+B10 -> 126458
A9: Site (SF) | B9: 79364
A10: Building (SF) | B10: 47094
A11: DIVISION NO | B11: DESCRIPTION | C11: TOTAL DIV. COST | D11: TOTAL DIV. COST (PER SF)
A12: 1000 | B12: General Requirements | C12: ='Takeoff Breakdown'!N19 -> 0 | D12: =C12/$B$8 -> 0
A13: 21000 | B13: Fire Suppression | C13: ='Takeoff Breakdown'!N36 -> 0 | D13: =C13/$B$8 -> 0
A14: 22000 | B14: Plumbing | C14: ='Takeoff Breakdown'!N242 -> 0 | D14: =C14/$B$8 -> 0
A15: 23000 | B15: HVAC | C15: ='Takeoff Breakdown'!N397 -> 0 | D15: =C15/$B$8 -> 0
A16: 26000 | B16: Electrical | C16: ='Takeoff Breakdown'!N530 -> 0 | D16: =C16/$B$8 -> 0
A17: 27000 | B17: Communications | C17: ='Takeoff Breakdown'!N554 -> 0 | D17: =C17/$B$8 -> 0
A18: 28000 | B18: Electronic Safety and Security | C18: ='Takeoff Breakdown'!N579 -> 0 | D18: =C18/$B$8 -> 0
A19: 33000 | B19: Utilities | C19: ='Takeoff Breakdown'!N656 -> 0 | D19: =C19/$B$8 -> 0
A20: TOTAL TRADE COST | C20: =SUM(C12:C19) -> 0 | D20: =SUM(D12:D19) -> 0
A22: OVERHEAD AND PROFIT | B22: =+'Takeoff Breakdown'!M659 -> 0.15 | C22: =C20*B22 -> 0 | D22: =D20*B22 -> 0
A23: INSURANCE | B23: =+'Takeoff Breakdown'!M660 -> 0 | C23: =C20*B23 -> 0 | D23: =D20*B23 -> 0
A24: CONTINGENCY | B24: =+'Takeoff Breakdown'!M661 -> 0 | C24: =C20*B24 -> 0 | D24: =D20*B24 -> 0
A25: TAX | B25: ='Takeoff Breakdown'!M662 -> 0 | C25: =C20*B25 -> 0 | D25: =D20*B25 -> 0
A26: SUGGESTED BID | C26: =SUM(C20,C22:C25) -> 0 | D26: =SUM(D20,D22:D25) -> 0

Sheet Takeoff Breakdown
A2: DETAILED BREAKDOWN OF ITEMS
A3: Prepared for: | B3: A New 70 Room Home 2 Hotel Project At Gh Drive Austinberg, OHIO, 44010
A4: Project ID: | B4: =TODAY() -> 46002
A5: Scope: | B5: MEP
M9: Date: | N9: =TODAY() -> 46002
A10: SR # | B10: Drawing # | C10: Detail # | D10: DESCRIPTION | E10: UNIT | F10: QUANTITY | G10: WASTAGE | H10: QUANTITY W/ WASTAGE | I10: UNIT MANHOUR | J10: HOURLY WAGE | K10: LABOR COST | L10: MAT. COST | M10: UNIT COST | N10: SUB COST
E11: GENERAL REQUIREMENTS
A12: =IF(G12<>"",1+MAX($A$2:A11),"") -> 1 | D12: Permits | E12: LS | F12: 1 | G12: 0 | H12: =(G12*F12)+F12 -> 1 | I12: 0 | J12: 0 | K12: 0 | L12: 0 | M12: 0 | N12: =H12*M12 -> 0
A13: =IF(G13<>"",1+MAX($A$2:A12),"") -> 2 | D13: Supervision and Coordination | E13: LS | F13: 1 | G13: 0 | H13: =(G13*F13)+F13 -> 1 | I13: 0 | J13: 0 | K13: 0 | L13: 0 | M13: 0 | N13: =H13*M13 -> 0
A14: =IF(G14<>"",1+MAX($A$2:A13),"") -> 3 | D14: Submittals and Shop drawings | E14: LS | F14: 1 | G14: 0 | H14: =(G14*F14)+F14 -> 1 | I14: 0 | J14: 0 | K14: 0 | L14: 0 | M14: 0 | N14: =H14*M14 -> 0
A15: =IF(G15<>"",1+MAX($A$2:A14),"") -> 4 | D15: Final Cleaning | E15: LS | F15: 1 | G15: 0 | H15: =(G15*F15)+F15 -> 1 | I15: 0 | J15: 0 | K15: 0 | L15: 0 | M15: 0 | N15: =H15*M15 -> 0
A16: =IF(G16<>"",1+MAX($A$2:A15),"") -> 5 | D16: Mobilization Costs | E16: LS | F16: 1 | G16: 0 | H16: =(G16*F16)+F16 -> 1 | I16: 0 | J16: 0 | K16: 0 | L16: 0 | M16: 0 | N16: =H16*M16 -> 0
A17: =IF(G17<>"",1+MAX($A$2:A16),"") -> 6 | D17: Temporary Control & Facilities | E17: LS | F17: 1 | G17: 0 | H17: =(G17*F17)+F17 -> 1 | I17: 0 | J17: 0 | K17: 0 | L17: 0 | M17: 0 | N17: =H17*M17 -> 0
A18: =IF(G18<>"",1+MAX($A$2:A17),"") -> 7 | D18: Scaffolding | E18: LS | F18: 1 | G18: 0 | H18: =(G18*F18)+F18 -> 1 | I18: 0 | J18: 0 | K18: 0 | L18: 0 | M18: 0 | N18: =H18*M18 -> 0
A19: =IF(G19<>"",1+MAX($A$2:A18),"") | M19: SUBTOTAL | N19: =SUM(N12:N18) -> 0
A20: =IF(G20<>"",1+MAX($A$2:A19),"")
A21: =IF(G21<>"",1+MAX($A$2:A20),"") | E21: FIRE SUPPRESSION
A22: =IF(G22<>"",1+MAX($A$2:A21),"") | D22: SPRINKLER HEADS
A23: =IF(G23<>"",1+MAX($A$2:A22),"") -> 8 | B23: FP-101, FP-102, FP-103 & FP-200 | C23: Assumed | D23: 3/4" Dia Concealed Sprinkler Head | E23: EA | F23: 63 | G23: 0 | H23: =(G23*F23)+F23 -> 63 | I23: 0 | J23: 0 | K23: =I23*J23 -> 0 | L23: 0 | M23: =+L23+K23 -> 0 | N23: =H23*M23 -> 0
A24: =IF(G24<>"",1+MAX($A$2:A23),"") -> 9 | D24: 3/4" Dia Dry Type Sprinkler Head | E24: EA | F24: 2 | G24: 0 | H24: =(G24*F24)+F24 -> 2 | I24: 0 | J24: 0 | K24: =I24*J24 -> 0 | L24: 0 | M24: =+L24+K24 -> 0 | N24: =H24*M24 -> 0
A25: =IF(G25<>"",1+MAX($A$2:A24),"") -> 10 | D25: 3/4" Dia Sidewall Sprinkler Head | E25: EA | F25: 12 | G25: 0 | H25: =(G25*F25)+F25 -> 12 | I25: 0 | J25: 0 | K25: =I25*J25 -> 0 | L25: 0 | M25: =+L25+K25 -> 0 | N25: =H25*M25 -> 0
A26: =IF(G26<>"",1+MAX($A$2:A25),"") | D26: MISCELLANEOUS
A27: =IF(G27<>"",1+MAX($A$2:A26),"") -> 11 | C27: As Per Fire Protection Plans | D27: Water Gong | E27: EA | F27: 1 | G27: 0 | H27: =(G27*F27)+F27 -> 1 | I27: 0 | J27: 0 | K27: =I27*J27 -> 0 | L27: 0 | M27: =+L27+K27 -> 0 | N27: =H27*M27 -> 0
A28: =IF(G28<>"",1+MAX($A$2:A27),"") -> 12 | D28: Sprinkler Head Cabinet | E28: EA | F28: 1 | G28: 0 | H28: =(G28*F28)+F28 -> 1 | I28: 0 | J28: 0 | K28: =I28*J28 -> 0 | L28: 0 | M28: =+L28+K28 -> 0 | N28: =H28*M28 -> 0
A29: =IF(G29<>"",1+MAX($A$2:A28),"") | D29: VALVES:
A30: =IF(G30<>"",1+MAX($A$2:A29),"") -> 13 | D30: Double Check Detector Valve Assemblies W/ Silicone Rubber Seal Rings Or Disks: A.) Hersey DDC11 (3"-10") B.) Febco 805yd (3"-10") C.) Watts 709 (3"-10") D.) Wilkins 950 Xl (3"-10") | E30: EA | F30: 1 | G30: 0 | H30: =(G30*F30)+F30 -> 1 | I30: 0 | J30: 0 | K30: =I30*J30 -> 0 | L30: 0 | M30: =+L30+K30 -> 0 | N30: =H30*M30 -> 0
A31: =IF(G31<>"",1+MAX($A$2:A30),"") -> 14 | D31: 6" Dia OS&Y Gate Valve with Tamper Switch | E31: EA | F31: 1 | G31: 0 | H31: =(G31*F31)+F31 -> 1 | I31: 0 | J31: 0 | K31: =I31*J31 -> 0 | L31: 0 | M31: =+L31+K31 -> 0 | N31: =H31*M31 -> 0
A32: =IF(G32<>"",1+MAX($A$2:A31),"") -> 15 | D32: 6" Dia Check Valve | E32: EA | F32: 1 | G32: 0 | H32: =(G32*F32)+F32 -> 1 | I32: 0 | J32: 0 | K32: =I32*J32 -> 0 | L32: 0 | M32: =+L32+K32 -> 0 | N32: =H32*M32 -> 0
A33: =IF(G33<>"",1+MAX($A$2:A32),"") -> 16 | D33: Water Flow Switch | E33: EA | F33: 1 | G33: 0 | H33: =(G33*F33)+F33 -> 1 | I33: 0 | J33: 0 | K33: =I33*J33 -> 0 | L33: 0 | M33: =+L33+K33 -> 0 | N33: =H33*M33 -> 0
A34: =IF(G34<>"",1+MAX($A$2:A33),"") | D34: ALLOWANCE
A35: =IF(G35<>"",1+MAX($A$2:A34),"") -> 17 | D35: Allowance for all Fire Protection Piping, Piping Fittings, Hangers & Supports with all Relevant Accessories. (SF 47094) | E35: LS | F35: 1 | G35: 0 | H35: =(G35*F35)+F35 -> 1 | I35: 0 | J35: 0 | K35: =I35*J35 -> 0 | L35: 0 | M35: =+L35+K35 -> 0 | N35: =H35*M35 -> 0
A36: =IF(G36<>"",1+MAX($A$2:A35),"") | M36: SUBTOTAL | N36: =SUM(N22:N35) -> 0
A37: =IF(G37<>"",1+MAX($A$2:A36),"")
A38: =IF(G38<>"",1+MAX($A$2:A37),"") | E38: PLUMBING
A39: =IF(G39<>"",1+MAX($A$2:A38),"") | B39: Sheet No # P101-P601 | C39: From Plumbing Plans | D39: COLD WATER PIPE (BELOW GRADE)
A40: =IF(G40<>"",1+MAX($A$2:A39),"") | D40: Copper Type "K" With ASTM Standards And Fittings (Assumed)
A41: =IF(G41<>"",1+MAX($A$2:A40),"") -> 18 | D41: 3/4" Dia Cold Water Pipe | E41: LF | F41: 15 | G41: 0.1 | H41: =(G41*F41)+F41 -> 16.5 | I41: 0 | J41: 0 | K41: =I41*J41 -> 0 | L41: 0 | M41: =+L41+K41 -> 0 | N41: =H41*M41 -> 0
A42: =IF(G42<>"",1+MAX($A$2:A41),"") | D42: 1/2" Thick Fiber Mineral Insulation With ASTM Standards
A43: =IF(G43<>"",1+MAX($A$2:A42),"") -> 19 | D43: 3/4" Dia Cold Water Pipe | E43: LF | F43: 15 | G43: 0.1 | H43: =(G43*F43)+F43 -> 16.5 | I43: 0 | J43: 0 | K43: =I43*J43 -> 0 | L43: 0 | M43: =+L43+K43 -> 0 | N43: =H43*M43 -> 0
A44: =IF(G44<>"",1+MAX($A$2:A43),"") | D44: COLD WATER PIPE FITTINGS
A45: =IF(G45<>"",1+MAX($A$2:A44),"") | D45: ALLOWANCE
A46: =IF(G46<>"",1+MAX($A$2:A45),"") -> 20 | D46: Allowance For Cold Water Pipe Fittings With Hangers & Supports ( 47,094 SF) | E46: LS | F46: 1 | G46: 0 | H46: =(G46*F46)+F46 -> 1 | I46: 0 | J46: 0 | K46: =I46*J46 -> 0 | L46: 0 | M46: =+L46+K46 -> 0 | N46: =H46*M46 -> 0
A47: =IF(G47<>"",1+MAX($A$2:A46),"") | D47: COLD WATER PIPE (ABOVE GRADE)
A48: =IF(G48<>"",1+MAX($A$2:A47),"") | D48: Pax Pipe-A With ASTM Standards And Fittings (Assumed)
A49: =IF(G49<>"",1+MAX($A$2:A48),"") -> 21 | D49: 3" Dia Cold Water Pipe | E49: LF | F49: 255 | G49: 0.1 | H49: =(G49*F49)+F49 -> 280.5 | I49: 0 | J49: 0 | K49: =I49*J49 -> 0 | L49: 0 | M49: =+L49+K49 -> 0 | N49: =H49*M49 -> 0
A50: =IF(G50<>"",1+MAX($A$2:A49),"") -> 22 | D50: 2" Dia Cold Water Pipe | E50: LF | F50: 720 | G50: 0.1 | H50: =(G50*F50)+F50 -> 792 | I50: 0 | J50: 0 | K50: =I50*J50 -> 0 | L50: 0 | M50: =+L50+K50 -> 0 | N50: =H50*M50 -> 0
A51: =IF(G51<>"",1+MAX($A$2:A50),"") -> 23 | D51: 1-1/2" Dia Cold Water Pipe | E51: LF | F51: 225 | G51: 0.1 | H51: =(G51*F51)+F51 -> 247.5 | I51: 0 | J51: 0 | K51: =I51*J51 -> 0 | L51: 0 | M51: =+L51+K51 -> 0 | N51: =H51*M51 -> 0
A52: =IF(G52<>"",1+MAX($A$2:A51),"") -> 24 | D52: 1" Dia Cold Water Pipe | E52: LF | F52: 1150 | G52: 0.1 | H52: =(G52*F52)+F52 -> 1265 | I52: 0 | J52: 0 | K52: =I52*J52 -> 0 | L52: 0 | M52: =+L52+K52 -> 0 | N52: =H52*M52 -> 0
A53: =IF(G53<>"",1+MAX($A$2:A52),"") -> 25 | D53: 3/4" Dia Cold Water Pipe | E53: LF | F53: 870 | G53: 0.1 | H53: =(G53*F53)+F53 -> 957 | I53: 0 | J53: 0 | K53: =I53*J53 -> 0 | L53: 0 | M53: =+L53+K53 -> 0 | N53: =H53*M53 -> 0
A54: =IF(G54<>"",1+MAX($A$2:A53),"") -> 26 | D54: 3/4" Dia Tepid Water | E54: LF | F54: 27 | G54: 0.1 | H54: =(G54*F54)+F54 -> 29.7 | I54: 0 | J54: 0 | K54: =I54*J54 -> 0 | L54: 0 | M54: =+L54+K54 -> 0 | N54: =H54*M54 -> 0
A55: =IF(G55<>"",1+MAX($A$2:A54),"") -> 27 | D55: 1/2" Dia Cold Water Pipe | E55: LF | F55: 2840 | G55: 0.1 | H55: =(G55*F55)+F55 -> 3124 | I55: 0 | J55: 0 | K55: =I55*J55 -> 0 | L55: 0 | M55: =+L55+K55 -> 0 | N55: =H55*M55 -> 0
A56: =IF(G56<>"",1+MAX($A$2:A55),"") | D56: 1/2" Thick Fiber Mineral Insulation With ASTM Standards
A57: =IF(G57<>"",1+MAX($A$2:A56),"") -> 28 | D57: 3" Dia Cold Water Pipe | E57: LF | F57: 255 | G57: 0.1 | H57: =(G57*F57)+F57 -> 280.5 | I57: 0 | J57: 0 | K57: =I57*J57 -> 0 | L57: 0 | M57: =+L57+K57 -> 0 | N57: =H57*M57 -> 0
A58: =IF(G58<>"",1+MAX($A$2:A57),"") -> 29 | D58: 2" Dia Cold Water Pipe | E58: LF | F58: 720 | G58: 0.1 | H58: =(G58*F58)+F58 -> 792 | I58: 0 | J58: 0 | K58: =I58*J58 -> 0 | L58: 0 | M58: =+L58+K58 -> 0 | N58: =H58*M58 -> 0
A59: =IF(G59<>"",1+MAX($A$2:A58),"") -> 30 | D59: 1-1/2" Dia Cold Water Pipe | E59: LF | F59: 225 | G59: 0.1 | H59: =(G59*F59)+F59 -> 247.5 | I59: 0 | J59: 0 | K59: =I59*J59 -> 0 | L59: 0 | M59: =+L59+K59 -> 0 | N59: =H59*M59 -> 0
A60: =IF(G60<>"",1+MAX($A$2:A59),"") -> 31 | D60: 1" Dia Cold Water Pipe | E60: LF | F60: 1150 | G60: 0.1 | H60: =(G60*F60)+F60 -> 1265 | I60: 0 | J60: 0 | K60: =I60*J60 -> 0 | L60: 0 | M60: =+L60+K60 -> 0 | N60: =H60*M60 -> 0
A61: =IF(G61<>"",1+MAX($A$2:A60),"") -> 32 | D61: 3/4" Dia Cold Water Pipe | E61: LF | F61: 870 | G61: 0.1 | H61: =(G61*F61)+F61 -> 957 | I61: 0 | J61: 0 | K61: =I61*J61 -> 0 | L61: 0 | M61: =+L61+K61 -> 0 | N61: =H61*M61 -> 0
A62: =IF(G62<>"",1+MAX($A$2:A61),"") -> 33 | D62: 3/4" Dia Tepid Water | E62: LF | F62: 27 | G62: 0.1 | H62: =(G62*F62)+F62 -> 29.7 | I62: 0 | J62: 0 | K62: =I62*J62 -> 0 | L62: 0 | M62: =+L62+K62 -> 0 | N62: =H62*M62 -> 0
A63: =IF(G63<>"",1+MAX($A$2:A62),"") -> 34 | D63: 1/2" Dia Cold Water Pipe | E63: LF | F63: 2840 | G63: 0.1 | H63: =(G63*F63)+F63 -> 3124 | I63: 0 | J63: 0 | K63: =I63*J63 -> 0 | L63: 0 | M63: =+L63+K63 -> 0 | N63: =H63*M63 -> 0
A64: =IF(G64<>"",1+MAX($A$2:A63),"") | D64: COLD WATER PIPE FITTINGS
A65: =IF(G65<>"",1+MAX($A$2:A64),"") | D65: ALLOWANCE
A66: =IF(G66<>"",1+MAX($A$2:A65),"") -> 35 | D66: Allowance For Cold Water Pipe Fittings With Hangers & Supports ( 47,094 SF) | E66: LS | F66: 1 | G66: 0 | H66: =(G66*F66)+F66 -> 1 | I66: 0 | J66: 0 | K66: =I66*J66 -> 0 | L66: 0 | M66: =+L66+K66 -> 0 | N66: =H66*M66 -> 0
A67: =IF(G67<>"",1+MAX($A$2:A66),"") | D67: HOT WATER PIPE (ABOVE GRADE)
A68: =IF(G68<>"",1+MAX($A$2:A67),"") | D68: Pax Pipe-A With ASTM Standards And Fittings (Assumed)
A69: =IF(G69<>"",1+MAX($A$2:A68),"") -> 36 | D69: 3" Dia Hot Water Pipe | E69: LF | F69: 235 | G69: 0.1 | H69: =(G69*F69)+F69 -> 258.5 | I69: 0 | J69: 0 | K69: =I69*J69 -> 0 | L69: 0 | M69: =+L69+K69 -> 0 | N69: =H69*M69 -> 0
A70: =IF(G70<>"",1+MAX($A$2:A69),"") -> 37 | D70: 2" Dia Hot Water Pipe | E70: LF | F70: 995 | G70: 0.1 | H70: =(G70*F70)+F70 -> 1094.5 | I70: 0 | J70: 0 | K70: =I70*J70 -> 0 | L70: 0 | M70: =+L70+K70 -> 0 | N70: =H70*M70 -> 0
A71: =IF(G71<>"",1+MAX($A$2:A70),"") -> 38 | D71: 1-1/2" Dia Hot Water Pipe | E71: LF | F71: 220 | G71: 0.1 | H71: =(G71*F71)+F71 -> 242 | I71: 0 | J71: 0 | K71: =I71*J71 -> 0 | L71: 0 | M71: =+L71+K71 -> 0 | N71: =H71*M71 -> 0
A72: =IF(G72<>"",1+MAX($A$2:A71),"") -> 39 | D72: 1" Dia Hot Water Pipe | E72: FT | F72: 47.09 | G72: 0.1 | H72: =(G72*F72)+F72 -> 51.799 | I72: 0 | J72: 0 | K72: =I72*J72 -> 0 | L72: 0 | M72: =+L72+K72 -> 0 | N72: =H72*M72 -> 0
A73: =IF(G73<>"",1+MAX($A$2:A72),"") -> 40 | D73: 1/2" Dia Hot Water Pipe | E73: LF | F73: 2650 | G73: 0.1 | H73: =(G73*F73)+F73 -> 2915 | I73: 0 | J73: 0 | K73: =I73*J73 -> 0 | L73: 0 | M73: =+L73+K73 -> 0 | N73: =H73*M73 -> 0
A74: =IF(G74<>"",1+MAX($A$2:A73),"") -> 41 | D74: 3/4" Dia Hot Water Pipe | E74: LF | F74: 615 | G74: 0.1 | H74: =(G74*F74)+F74 -> 676.5 | I74: 0 | J74: 0 | K74: =I74*J74 -> 0 | L74: 0 | M74: =+L74+K74 -> 0 | N74: =H74*M74 -> 0
A75: =IF(G75<>"",1+MAX($A$2:A74),"") | D75: 1-1/2" Thick Fiber Mineral Insulation With ASTM Standards
A76: =IF(G76<>"",1+MAX($A$2:A75),"") -> 42 | D76: 3" Dia Hot Water Pipe | E76: LF | F76: 235 | G76: 0.1 | H76: =(G76*F76)+F76 -> 258.5 | I76: 0 | J76: 0 | K76: =I76*J76 -> 0 | L76: 0 | M76: =+L76+K76 -> 0 | N76: =H76*M76 -> 0
A77: =IF(G77<>"",1+MAX($A$2:A76),"") -> 43 | D77: 2" Dia Hot Water Pipe | E77: LF | F77: 995 | G77: 0.1 | H77: =(G77*F77)+F77 -> 1094.5 | I77: 0 | J77: 0 | K77: =I77*J77 -> 0 | L77: 0 | M77: =+L77+K77 -> 0 | N77: =H77*M77 -> 0
A78: =IF(G78<>"",1+MAX($A$2:A77),"") -> 44 | D78: 1-1/2" Dia Hot Water Pipe | E78: LF | F78: 220 | G78: 0.1 | H78: =(G78*F78)+F78 -> 242 | I78: 0 | J78: 0 | K78: =I78*J78 -> 0 | L78: 0 | M78: =+L78+K78 -> 0 | N78: =H78*M78 -> 0
A79: =IF(G79<>"",1+MAX($A$2:A78),"") -> 45 | D79: 1" Dia Hot Water Pipe | E79: FT | F79: 47.09 | G79: 0.1 | H79: =(G79*F79)+F79 -> 51.799 | I79: 0 | J79: 0 | K79: =I79*J79 -> 0 | L79: 0 | M79: =+L79+K79 -> 0 | N79: =H79*M79 -> 0
A80: =IF(G80<>"",1+MAX($A$2:A79),"") -> 46 | D80: 1/2" Dia Hot Water Pipe | E80: LF | F80: 2650 | G80: 0.1 | H80: =(G80*F80)+F80 -> 2915 | I80: 0 | J80: 0 | K80: =I80*J80 -> 0 | L80: 0 | M80: =+L80+K80 -> 0 | N80: =H80*M80 -> 0
A81: =IF(G81<>"",1+MAX($A$2:A80),"") -> 47 | D81: 3/4" Dia Hot Water Pipe | E81: LF | F81: 615 | G81: 0.1 | H81: =(G81*F81)+F81 -> 676.5 | I81: 0 | J81: 0 | K81: =I81*J81 -> 0 | L81: 0 | M81: =+L81+K81 -> 0 | N81: =H81*M81 -> 0
A82: =IF(G82<>"",1+MAX($A$2:A81),"") | D82: HOT WATER PIPE FITTINGS
A83: =IF(G83<>"",1+MAX($A$2:A82),"") | D83: ALLOWANCE
A84: =IF(G84<>"",1+MAX($A$2:A83),"") -> 48 | D84: Allowance For Hot Water Pipe Fittings With Hangers & Supports ( 47,094 SF) | E84: LS | F84: 1 | G84: 0 | H84: =(G84*F84)+F84 -> 1 | I84: 0 | J84: 0 | K84: =I84*J84 -> 0 | L84: 0 | M84: =+L84+K84 -> 0 | N84: =H84*M84 -> 0
A85: =IF(G85<>"",1+MAX($A$2:A84),"") | D85: HOT WATER RETURN PIPE (ABOVE GRADE)
A86: =IF(G86<>"",1+MAX($A$2:A85),"") | D86: Pax Pipe-A With ASTM Standards And Fittings (Assumed)
A87: =IF(G87<>"",1+MAX($A$2:A86),"") -> 49 | D87: 1-1/2" Dia Hot Water Return Pipe | E87: LF | F87: 35 | G87: 0.1 | H87: =(G87*F87)+F87 -> 38.5 | I87: 0 | J87: 0 | K87: =I87*J87 -> 0 | L87: 0 | M87: =+L87+K87 -> 0 | N87: =H87*M87 -> 0
A88: =IF(G88<>"",1+MAX($A$2:A87),"") -> 50 | D88: 1" Dia Hot Water Return Pipe | E88: LF | F88: 77 | G88: 0.1 | H88: =(G88*F88)+F88 -> 84.7 | I88: 0 | J88: 0 | K88: =I88*J88 -> 0 | L88: 0 | M88: =+L88+K88 -> 0 | N88: =H88*M88 -> 0
A89: =IF(G89<>"",1+MAX($A$2:A88),"") -> 51 | D89: 3/4" Dia Hot Water Return Pipe | E89: LF | F89: 267 | G89: 0.1 | H89: =(G89*F89)+F89 -> 293.7 | I89: 0 | J89: 0 | K89: =I89*J89 -> 0 | L89: 0 | M89: =+L89+K89 -> 0 | N89: =H89*M89 -> 0
A90: =IF(G90<>"",1+MAX($A$2:A89),"") | D90: 1-1/2" Thick Fiber Mineral Insulation With ASTM Standards
A91: =IF(G91<>"",1+MAX($A$2:A90),"") -> 52 | D91: 1-1/2" Dia Hot Water Return Pipe | E91: LF | F91: 35 | G91: 0.1 | H91: =(G91*F91)+F91 -> 38.5 | I91: 0 | J91: 0 | K91: =I91*J91 -> 0 | L91: 0 | M91: =+L91+K91 -> 0 | N91: =H91*M91 -> 0
A92: =IF(G92<>"",1+MAX($A$2:A91),"") -> 53 | D92: 1" Dia Hot Water Return Pipe | E92: LF | F92: 77 | G92: 0.1 | H92: =(G92*F92)+F92 -> 84.7 | I92: 0 | J92: 0 | K92: =I92*J92 -> 0 | L92: 0 | M92: =+L92+K92 -> 0 | N92: =H92*M92 -> 0
A93: =IF(G93<>"",1+MAX($A$2:A92),"") -> 54 | D93: 3/4" Dia Hot Water Return Pipe | E93: LF | F93: 267 | G93: 0.1 | H93: =(G93*F93)+F93 -> 293.7 | I93: 0 | J93: 0 | K93: =I93*J93 -> 0 | L93: 0 | M93: =+L93+K93 -> 0 | N93: =H93*M93 -> 0
A94: =IF(G94<>"",1+MAX($A$2:A93),"") | D94: HOT WATER RETURN PIPE FITTINGS
A95: =IF(G95<>"",1+MAX($A$2:A94),"") | D95: ALLOWANCE
A96: =IF(G96<>"",1+MAX($A$2:A95),"") -> 55 | D96: Allowance For Hot Water Return Pipe Fittings With Hangers & Supports ( 47,094 SF) | E96: LS | F96: 1 | G96: 0 | H96: =(G96*F96)+F96 -> 1 | I96: 0 | J96: 0 | K96: =I96*J96 -> 0 | L96: 0 | M96: =+L96+K96 -> 0 | N96: =H96*M96 -> 0
A97: =IF(G97<>"",1+MAX($A$2:A96),"") | D97: WASTE PIPE (BELOW GRADE)
A98: =IF(G98<>"",1+MAX($A$2:A97),"") | D98: Schedule 40 PVC Pipe With ASTM Standards And Fittings (Assumed)
A99: =IF(G99<>"",1+MAX($A$2:A98),"") -> 56 | D99: 1-1/2" Dia Waste Pipe | E99: LF | F99: 92.39 | G99: 0.1 | H99: =(G99*F99)+F99 -> 101.629 | I99: 0 | J99: 0 | K99: =I99*J99 -> 0 | L99: 0 | M99: =+L99+K99 -> 0 | N99: =H99*M99 -> 0
A100: =IF(G100<>"",1+MAX($A$2:A99),"") -> 57 | D100: 2" Dia Waste Pipe | E100: LF | F100: 132.51 | G100: 0.1 | H100: =(G100*F100)+F100 -> 145.761 | I100: 0 | J100: 0 | K100: =I100*J100 -> 0 | L100: 0 | M100: =+L100+K100 -> 0 | N100: =H100*M100 -> 0
A101: =IF(G101<>"",1+MAX($A$2:A100),"") -> 58 | D101: 3" Dia Waste Pipe | E101: LF | F101: 517.35 | G101: 0.1 | H101: =(G101*F101)+F101 -> 569.085 | I101: 0 | J101: 0 | K101: =I101*J101 -> 0 | L101: 0 | M101: =+L101+K101 -> 0 | N101: =H101*M101 -> 0
A102: =IF(G102<>"",1+MAX($A$2:A101),"") -> 59 | D102: 4" Dia Waste Pipe | E102: LF | F102: 137.1 | G102: 0.1 | H102: =(G102*F102)+F102 -> 150.81 | I102: 0 | J102: 0 | K102: =I102*J102 -> 0 | L102: 0 | M102: =+L102+K102 -> 0 | N102: =H102*M102 -> 0
A103: =IF(G103<>"",1+MAX($A$2:A102),"") -> 60 | D103: 6" Dia Waste Pipe | E103: LF | F103: 209.08 | G103: 0.1 | H103: =(G103*F103)+F103 -> 229.988 | I103: 0 | J103: 0 | K103: =I103*J103 -> 0 | L103: 0 | M103: =+L103+K103 -> 0 | N103: =H103*M103 -> 0
A104: =IF(G104<>"",1+MAX($A$2:A103),"") -> 61 | D104: 8" Dia Waste Pipe | E104: LF | F104: 40.4 | G104: 0.1 | H104: =(G104*F104)+F104 -> 44.44 | I104: 0 | J104: 0 | K104: =I104*J104 -> 0 | L104: 0 | M104: =+L104+K104 -> 0 | N104: =H104*M104 -> 0
...

Sheet Duct Takeoff
A2: BREAKDOWN OF DUCT ITEMS
A3: Prepared for: | B3: A New 70 Room Home 2 Hotel Project At Gh Drive Austinberg, OHIO, 44010
A4: Project ID: | B4: =TODAY() -> 46002
A5: Scope: | B5: MEP
E9: Date: | F9: ='[1]Takeoff Breakdown'!N9 -> 46002
A10: SR # | B10: DESCRIPTION | C10: UNIT | D10: QUANTITY | E10: WASTAGE | F10: QUANTITY W/ WASTAGE
A11: =IF(E11<>"",1+MAX($A$2:A10),"") | C11: HVAC
A12: =IF(E12<>"",1+MAX($A$2:A11),"") | B12: GALVANIZED SHEET METAL DUCT | E12: =IF(D12=0,"",0) | F12: =IF(D12=0,"",D12*(1+E12))
A13: =IF(E13<>"",1+MAX($A$2:A12),"") -> 1 | B13: 4" Dia Supply Air Duct | C13: LF | D13: 843 | E13: 0.1 | F13: =IF(D13=0,"",D13*(1+E13)) -> 927.3
A14: =IF(E14<>"",1+MAX($A$2:A13),"") -> 2 | B14: 6" Dia Supply Air Duct | C14: LF | D14: 17 | E14: 0.1 | F14: =IF(D14=0,"",D14*(1+E14)) -> 18.7
A15: =IF(E15<>"",1+MAX($A$2:A14),"") -> 3 | B15: 8" Dia Supply Air Duct | C15: LF | D15: 72 | E15: 0.1 | F15: =IF(D15=0,"",D15*(1+E15)) -> 79.2
A16: =IF(E16<>"",1+MAX($A$2:A15),"") -> 4 | B16: 12" Dia Supply Air Duct | C16: LF | D16: 6 | E16: 0.1 | F16: =IF(D16=0,"",D16*(1+E16)) -> 6.6
A17: =IF(E17<>"",1+MAX($A$2:A16),"") -> 5 | B17: 6"x6" Supply Air Duct | C17: LF | D17: 141 | E17: 0.1 | F17: =IF(D17=0,"",D17*(1+E17)) -> 155.1
A18: =IF(E18<>"",1+MAX($A$2:A17),"") -> 6 | B18: 8"x6" Supply Air Duct | C18: LF | D18: 54 | E18: 0.1 | F18: =IF(D18=0,"",D18*(1+E18)) -> 59.4
A19: =IF(E19<>"",1+MAX($A$2:A18),"") -> 7 | B19: 8"x8" Supply Air Duct | C19: LF | D19: 150 | E19: 0.1 | F19: =IF(D19=0,"",D19*(1+E19)) -> 165
A20: =IF(E20<>"",1+MAX($A$2:A19),"") -> 8 | B20: 10"x10" Supply Air Duct | C20: LF | D20: 147 | E20: 0.1 | F20: =IF(D20=0,"",D20*(1+E20)) -> 161.7
A21: =IF(E21<>"",1+MAX($A$2:A20),"") -> 9 | B21: 12"x8" Supply Air Duct | C21: LF | D21: 42 | E21: 0.1 | F21: =IF(D21=0,"",D21*(1+E21)) -> 46.2
A22: =IF(E22<>"",1+MAX($A$2:A21),"") -> 10 | B22: 12"x10" Supply Air Duct | C22: LF | D22: 12 | E22: 0.1 | F22: =IF(D22=0,"",D22*(1+E22)) -> 13.2
A23: =IF(E23<>"",1+MAX($A$2:A22),"") -> 11 | B23: 14"x8" Supply Air Duct | C23: LF | D23: 75 | E23: 0.1 | F23: =IF(D23=0,"",D23*(1+E23)) -> 82.5
A24: =IF(E24<>"",1+MAX($A$2:A23),"") -> 12 | B24: 14"x10" Supply Air Duct | C24: LF | D24: 27 | E24: 0.1 | F24: =IF(D24=0,"",D24*(1+E24)) -> 29.7
... A54: =IF(E54<>"",1+MAX($A$2:A53),"") -> 42 | B54: 8"x8" Exhaust Air Duct | C54: LF | D54: 59 | E54: 0.1 | F54: =IF(D54=0,"",D54*(1+E54)) -> 64.9
A55: =IF(E55<>"",1+MAX($A$2:A53),"") -> 42 | B55: 12"x12" Exhaust Air Duct | C55: LF | D55: 24 | E55: 0.1 | F55: =IF(D55=0,"",D55*(1+E55)) -> 26.4
A56: =IF(E56<>"",1+MAX($A$2:A54),"") -> 43 | B56: 10"x10" Transfer Air Duct | C56: LF | D56: 8 | E56: 0.1 | F56: =IF(D56=0,"",D56*(1+E56)) -> 8.8
